 Seeded DCSS version 0.27-a0-1548-gf8a67e7 (webtiles) character file.

Game seed: 5311270035814185055 (custom seed)

674601 edsrzf the Conqueror (level 27, -50/170 (179) HPs)
             Began as a Tengu Berserker on July 11, 2021.
             Was the Champion of Zin.
             Killed from afar by a golden dragon (56 damage)
             ... with a bolt of fire
             ... on level 1 of the Realm of Zot on July 13, 2021.
             The game lasted 05:10:32 (79026 turns).

edsrzf the Conqueror (Tengu Berserker)             Turns: 79026, Time: 05:10:33

HP:   -50/170 (179) AC: 62    Str: 27 (28) XL:     27
MP:   0/31          EV: 17    Int:  6 (7)  God:    Zin [******]
Gold: 3515          SH: 12    Dex: 18      Spells: 26/26 levels left

rFire    . . .     SeeInvis +   a - +8 triple sword (venom)
rCold    + + .     Faith    .   (shield currently unavailable)
rNeg     . . .     Spirit   +   z - +20 crystal plate armour of the Northern Lights {Dex+4}
rPois    +         Reflect  .   Y - +2 hat {SInv}
rElec    .         Harm     +   Z - +2 cloak "Kiulemaeq" {Harm}
rCorr    +         Rampage  .   n - +1 pair of gloves of Fortitude {Regen+ Int+3}
Will     ++...     Rnd*Rage +   (boots unavailable)
Stlth    ..........             F - brooch of Shielding {Spirit SH+8}
HPRegen  1.38/turn              y - ring of resist corrosion
MPRegen  0.22/turn              q - ring of Lust {Contam rPois rC++ MP+9 AC+4}

@: on berserk cooldown, flying quickly and evasively, slowed, drained, very slow
A: beak, talons 3, nimble flight, iridescent scales 1, large bone plates 1,
berserk 2, clumsy 1, deterioration 1, dopey 2, frail 1, low mp 2, shaggy fur 1
}: 4/15 runes: decaying, slimy, abyssal, gossamer
a: Renounce Religion, Recite, Vitalisation, Imprison, Sanctuary, Donate Gold


You were on level 1 of the Realm of Zot.
You worshipped Zin.
Zin was exalted by your worship.
You visited 14 branches of the dungeon, and saw 58 of its levels.
You visited the Abyss 2 times.
You also visited: Trove, Ossuary, Bailey and Desolation.

You collected 8698 gold pieces.
You spent 4987 gold pieces at shops.
You donated 196 gold pieces to Zin.

Inventory:

Hand Weapons
 a - a +8 triple sword of venom (weapon)
 b - a +9 triple crossbow of freezing
Missiles
 t - 1329 bolts
 V - 11 boomerangs of dispersal (quivered)
 X - a throwing net {=f}
Armour
 n - the +1 pair of gloves of Fortitude (worn) {Regen+ Int+3}
   (You found it on level 4 of the Vaults)

   Int:       It affects your intelligence (+3).
   Regen:     It increases your rate of health regeneration.
 z - the +20 crystal plate armour of the Northern Lights (worn) {Dex+4}
   (You bought it in a shop on level 4 of the Vaults)

   Dex:       It affects your dexterity (+4).
 Y - a +2 hat of see invisible (worn)
 Z - the +2 cloak "Kiulemaeq" (worn) {Harm}
   (You found it on level 2 of the Lair of Beasts)

   Harm:      It increases damage dealt and taken.
Jewellery
 k - the ring "Mofent" {rF- Will+ Int+4 Slay+6}
   (You found it in a treasure trove)

   [ring of willpower]

   Int:       It affects your intelligence (+4).
   Slay:      It affects your accuracy & damage with ranged weapons and melee
   (+6).
   rF:        It makes you vulnerable to fire.
   Will:      It increases your willpower.
 l - the ring "Dosseroc" {Contam +Blink rPois rF+ Will+}
   (You found it in a treasure trove)

   [ring of willpower]

   rF:        It protects you from fire.
   rPois:     It protects you from poison.
   +Blink:    It lets you blink.
   Contam:    It causes magical contamination when unequipped.
   Will:      It increases your willpower.
 m - the ring "Jevusmar" {Will+ Str-5 Int+9}
   (You found it in a treasure trove)

   [ring of willpower]

   Str:       It affects your strength (-5).
   Int:       It affects your intelligence (+9).
   Will:      It increases your willpower.
 q - the ring of Lust (right hand) {Contam rPois rC++ MP+9 AC+4}
   (You found it on level 11 of the Dungeon)

   [ring of protection]

   AC:        It affects your AC (+4).
   rC:        It greatly protects you from cold.
   rPois:     It protects you from poison.
   MP:        It affects your magic capacity (+9).
   Contam:    It causes magical contamination when unequipped.
 x - a ring of positive energy
 y - a ring of resist corrosion (left hand)
 A - the ring "Ponauner" {rElec rC- rN+++ Str+4 SInv}
   (You took it off an imperial myrmidon in the Desolation of Salt)

   [ring of see invisible]

   Str:       It affects your strength (+4).
   rC:        It makes you vulnerable to cold.
   rElec:     It insulates you from electricity.
   rN:        It renders you almost immune to negative energy.
   SInv:      It lets you see invisible.
 E - a +4 ring of slaying
 F - the brooch of Shielding (around neck) {Spirit SH+8}
   (You bought it in a shop on level 3 of the Dungeon)

   [amulet of guardian spirit]

   It causes incoming damage to be divided between your reserves of health and
   magic.
   SH:        It affects your SH (+8).
 K - the ring "Haisoc" {rElec rF+ AC+4}
   (You found it in the Desolation of Salt)

   [ring of protection]

   AC:        It affects your AC (+4).
   rF:        It protects you from fire.
   rElec:     It insulates you from electricity.
 L - the ring "Zuzuryk" {rElec rF+ Int+6}
   (You took it off a ragged hierophant in the Desolation of Salt)

   [ring of intelligence]

   Int:       It affects your intelligence (+6).
   rF:        It protects you from fire.
   rElec:     It insulates you from electricity.
 T - a +4 ring of evasion
Wands
 D - a wand of iceblast (59)
 G - a wand of charming (50)
 H - a wand of acid (16)
 J - a wand of paralysis (71)
 M - a wand of digging (19)
 P - a wand of mindburst (45)
Scrolls
 c - 5 scrolls of magic mapping
 h - 45 scrolls of identify {@r1}
 j - 6 scrolls of holy word
 p - 5 scrolls of fog
 r - 4 scrolls of enchant armour
 v - 12 scrolls of teleportation {@r3}
 U - 2 scrolls of silence {!r}
 W - 6 scrolls of fear
Potions
 d - 6 potions of resistance
 e - 3 potions of ambrosia
 f - 3 potions of berserk rage {!q}
 g - 16 potions of curing
 i - 6 potions of invisibility
 s - 6 potions of magic
 u - 10 potions of might
 B - 10 potions of haste
Miscellaneous
 o - a lightning rod (4/4)
 O - a phantom mirror


   Skills:
 O Level 27 Fighting
 - Level 9.1(17.7) Short Blades
 + Level 23.2(23.6) Long Blades
 - Level 26.0 Crossbows
 - Level 20.1 Armour
 - Level 17.0 Dodging
 - Level 5.0 Invocations
 - Level 9.1 Evocations


You had 26 spell levels left.
You didn't know any spells.
Your spell library contained the following spells:

 Spells                   Type           Power      Damage    Failure   Level
 Animate Skeleton         Necr           0%         N/A       99%         1
 Apportation              Tloc           0%         N/A       99%         1
 Corona                   Hex            0%         N/A       99%         1
 Summon Small Mammal      Summ           0%         N/A       99%         1
 Slow                     Hex            0%         N/A       100%        2
 Static Discharge         Conj/Air       0%         N/A       100%        2
 Confusing Touch          Hex            0%         N/A       100%        3
 Tukima's Dance           Hex            0%         N/A       100%        3
 Vampiric Draining        Necr           0%         2d6       100%        3
 Dispel Undead            Necr           0%         3d6       100%        4
 Fulminant Prism          Conj/Hex       0%         3d6       100%        4
 Iskenderun's Mystic Bla  Conj/Tloc      0%         2d3       100%        4
 Passage of Golubria      Tloc           N/A        N/A       100%        4
 Sticky Flame             Conj/Fire      0%         2d3       100%        4
 Lee's Rapid Deconstruct  Erth           0%         3d5*      100%        5
 Yara's Violent Unravell  Hex/Tmut       0%         3d3       100%        5
 Dispersal                Tloc           0%         N/A       100%        6
 Disjunction              Tloc           0%         N/A       100%        8


Dungeon Overview and Level Annotations

Branches:
Dungeon (15/15)            Temple (1/1) D:6            Lair (6/6) D:9
  Swamp (4/4) Lair:2       Spider (4/4) Lair:4        Slime (5/5) Lair:6
    Orc (2/2) D:9             Elf (3/3) Orc:2        Vaults (4/5) D:14
  Crypt (3/3) Vaults:2       Tomb (0/3) Crypt:3      Depths (5/5) D:15
   Hell (visited)             Dis (4/7) Hell            Geh (0/7) Hell
    Coc (0/7) Hell            Tar (0/7) Hell            Zot (1/5) Depths:5
Ossuary (visited)          Bailey (visited)         Desolation (visited)

Altars:
Ashenzari
Cheibriados
Dithmenos
Elyvilon
Fedhas
Gozag
Hepliaklqana
Kikubaaqudgha
Makhleb
Nemelex Xobeh
Okawaru
Qazlal
Ru
Trog
Uskayaw
Vehumet
Wu Jian
Xom
Yredelemnul
Zin
The Shining One
Beogh
Jiyva

Shops:
D:1 :   D:3 :=   D:9 (   Orc:2 (=!*   Elf:1 ([((   Vaults:1 (   Vaults:3 ?
Vaults:4 ([:!*   Depths:2 :==

Portals:
Hell: Depths:1 Depths:2 Depths:3 Depths:4 Depths:5
Abyss: Depths:4 Depths:5
Pandemonium: Orc:2 Depths:2 Depths:3 Depths:5
Ziggurat: Depths:2

Annotations:
D:9 2 transporters
Lair:3 1 runed translucent door, Raine357's ghost, journeyman DrFi
Spider:1 1 runed translucent door, GeorgeSoros's ghost, journeyman GnNe
Elf:2 3 runed translucent doors
Zot:1 3 runed translucent doors, Icycared's ghost, master GrFi


Innate Abilities, Weirdness & Mutations

You have a beak for a mouth.
You have claws for feet.
Your magical nature lets you fly swiftly and evasively.
You are partially covered in iridescent scales. (AC +2)
You are partially covered in large bone plates. (SH +4)
You often lose your temper in combat.
You are clumsy. (Dex -2)
Your body sometimes deteriorates upon taking damage.
You are very dopey. (Int -4)
You are frail. (-10% HP)
Your magical capacity is very low. (-20% MP)
You are covered in fur. (AC +1)


Message History

You kill the stone giant!
That felt strangely unrewarding.
You kill the polar bear!
That felt strangely unrewarding.
You block the polar bear's attack. x2
The polar bear claws you but does no damage.
The stone giant hits you!!
* * * LOW HITPOINT WARNING * * *
You feel a strong urge to attack something.
Unknown command.
Okay, then.
Unknown command.
You feel your anger nearly subside.
You are no longer berserk.
You are exhausted.
You feel yourself slow down.
You hear a shout!
Okay, then.
Unknown command.
Okay, then.
Unknown command.
Magic courses through your body. The polar bear closely misses you.
You block the polar bear's attack. The polar bear barely misses you.
You hear a choir sing!
By Zin's power, all blood is cleared from the sanctuary.
The monsters scatter in all directions!
You hear a shout!
You are confused.
You feel invigorated.
You hear an angry growl.
You hear a shout! x2
You hear an angry growl.
You hear a shout!
You hear an angry growl.
You hear an angry growl.
The stone giant rages.
You feel less invigorated.
You feel less confused.
You hear an angry growl.
You are confused.
You feel invigorated.
You hear an angry growl.
You feel less invigorated.
You feel less confused.
You hear a deafening roar!
You are confused.
You feel invigorated.
The sanctuary disappears.
The troll bites you but does no damage. The troll closely misses you. x2
The stone giant hits you but does no damage.
A golden dragon comes into view.
You feel less invigorated.
You feel less confused. The troll misses you.
You riposte.
You open the troll like a pillowcase!!! You claw the troll.
Your peck misses the troll.
The troll is almost dead.
You block the troll's attack. The troll claws you but does no damage.
The stone giant closely misses you.
You riposte.
You slice the stone giant!!
The stone giant is poisoned.
Your kick misses the stone giant.
You peck the stone giant, but do no damage.
The stone giant is moderately wounded.
You block the troll's attack. The troll barely misses you.
The troll misses you. The stone giant hits you.
You hear an angry growl.
You slash the troll!
You kill the troll!
That felt strangely unrewarding.
The stone giant hits you but does no damage. x2
Press: ? - help, v - describe, . - travel
Here: a stone giant, quivering large rocks (moderately wounded, durably summoned, berserk, very poisoned)
The floor, spattered with blood.
Unknown command.
You hit the stone giant but do no damage.
The stone giant looks as sick as possible!
You claw the stone giant.
The stone giant is moderately wounded.
You block the stone giant's attack. The golden dragon breathes fire at you.
The bolt of fire hits you!!!
* * * LOW HITPOINT WARNING * * *
Your body deteriorates!
You feel dopey.
Okay, then.
You fail to use your ability.
The stone giant completely misses you.
You riposte.
You slice the stone giant!!
The stone giant looks as sick as possible!
You claw the stone giant. You peck the stone giant.
The stone giant is severely wounded.
The stone giant closely misses you. The polar bear completely misses you.
You riposte.
You slice the polar bear like a ripe choko!!!
You kill the polar bear!
That felt strangely unrewarding.
The golden dragon bites you but does no damage.
The golden dragon claws you!
* * * LOW HITPOINT WARNING * * *
The golden dragon tramples you but does no damage.
You block the stone giant's attack.
You fail to use your ability.
The stone giant hits you!!!
* * * LOW HITPOINT WARNING * * *
Your body deteriorates!
You feel weakened. The golden dragon breathes fire at you.
The bolt of fire hits you!!!
You die...

.........###..............
...##...## #######...#####
##..## #...## ##..##
##....# ##..## #.....#
##..######.....####
##................ ..#
##D...............
#..###@C...............
##...#.....#########....
##..........# #....
#...........# #..>.
...........## #....
...........# #....
...........##########....
#..[.....#...............
#......[##..............


You could see a golden dragon (catching breath) and a stone giant (berserk,
extremely poisoned).

Vanquished Creatures
  3 dread liches
  Khufu (Crypt:2)
  2 orbs of fire
  A caustic shrike (Depths:3)
  Geryon (Hell)
  A golden dragon (Depths:5)
  Jory (Vaults:2)
  The ghost of TPoD the Slayer, an adept HOMo of Beogh (Vaults:4)
  8 bone dragons
  A profane servitor (Crypt:1)
  6 tentacled monstrosities
  3 deep elf blademasters
  7 liches
  2 quicksilver dragons (Depths:4)
  The ghost of Yloucecuu the Ninja, a veteran SpEn of Dithmenos (Vaults:3)
  A titan (Vaults:3)
  13 tentacled starspawn
  2 deep elf master archers (Elf:3)
  An Executioner (Abyss:2)
  17 acid blobs
  2 sphinxes (Vaults:3)
  3 shadow dragons
  3 ancient champions
  2 death cobs
  Donald (Spider:1)
  7 rockslimes (Slime:5)
  Roxanne (D:15)
  2 thorn hunters
  A draconian monk (Depths:5)
  2 storm dragons
  3 tengu reavers
  2 azure jellies (Slime:5)
  8 fire giants
  3 revenants
  Aizul (Spider:4)
  2 emperor scorpions (Spider:4)
  2 cacodemons
  3 iron dragons (Depths:3)
  5 orc warlords
  3 deep elf sorcerers
  2 draconian scorchers (Depths:5)
  4 frost giants
  2 balrugs (Abyss:5)
  4 imperial myrmidons
  3 draconian shifters
  A draconian knight (Abyss:1)
  6 deep elf elementalists (Elf:3)
  14 vault wardens
  A curse skull (Crypt:3)
  6 ghouls
  7 ghost moths
  Louise (Swamp:2)
  A caustic shrike zombie (Crypt:2)
  12 reapers
  A draconian stormcaller (Depths:5)
  3 draconian annihilators (Depths:5)
  14 quicksilver oozes
  32 stone giants
  34 very ugly things
  A caustic shrike skeleton (Crypt:1)
  3 spriggan defenders
  12 ironbound preservers
  6 war gargoyles
  7 deep elf demonologists
  3 spark wasps
  3 vampire knights
  2 black draconians
  11 deep elf annihilators
  3 lorocyprocas
  4 bunyips
  A halazid warlock (Desolation)
  A dire elephant (Vaults:2)
  4 red draconians
  2 green draconians
  A white draconian (Zot:1)
  4 eidola
  2 yellow draconians (Depths:5)
  An entropy weaver (Vaults:2)
  A green death (Abyss:3)
  3 blizzard demons
  A crystal guardian (Vaults:4)
  4 eleionomae
  9 ettins
  9 jiangshi
  2 pearl dragon zombies (Crypt:1)
  5 deep elf death magi
  10 ragged hierophants
  A merfolk javelineer (Depths:3)
  4 deep elf high priests
  3 merfolk impalers
  9 ice dragons
  10 great orbs of eyes
  A shambling mangrove (Abyss:3)
  6 fire dragons
  14 yaktaur captains
  Erolcha (D:11)
  5 boulder beetles
  4 ironbound thunderhulks
  15 hydras
  A boulder beetle (shapeshifter) (Vaults:2)
  11 peacekeepers
  3 ghost crabs
  3 rakshasas
  8 ironbound frosthearts
  4 hell beasts
  Fannar (Lair:3)
  12 servants of whispers (Desolation)
  A catoblepas (D:15)
  A salamander tyrant (Depths:5)
  An ogre mage (Vaults:2)
  18 vault guards
  13 centaur warriors
  A death yak (Lair:6)
  A spriggan air mage (Depths:2)
  5 death knights
  4 two-headed ogres
  27 dancing weapons
  Erica (Lair:2)
  12 deep troll earth magi
  7 alligators
  A fenstrider witch skeleton (Crypt:1)
  10 vampire magi
  7 deep troll shamans
  9 tengu warriors
  8 hell hogs
  25 thrashing horrors
  4 spriggan berserkers
  Urug (Orc:1)
  6 orc high priests (Orc:2)
  15 sun demons
  22 deep elf knights
  4 ironbound beastmasters
  16 wretched stars
  Nergalle (Lair:1)
  23 hell knights
  7 soul eaters
  14 iron trolls
  4 goliath frogs
  59 skeletal warriors
  6 sixfirhies
  A quicksilver dragon simulacrum (Depths:3)
  A titan skeleton (Hell)
  6 flayed ghosts
  2 shadow wraiths
  2 salamander mystics (Depths:5)
  15 deep elf archers
  An infernal demonspawn (Orc:2)
  A sea snake (shapeshifter) (Depths:2)
  2 anaconda zombies
  9 spatial maelstroms
  6 spriggan druids
  12 bog bodies
  2 ghost moth zombies
  A gelid demonspawn (Orc:2)
  An obsidian statue (Vaults:3)
  4 swamp dragons
  A shadow dragon zombie (Dis:3)
  12 ironbound convokers
  4 lindwurms
  50 starcursed masses
  6 glowing orange brains
  11 wizards
  A golden dragon skeleton (Abyss:3)
  50 deep trolls
  3 anaconda skeletons
  A spectral hydra (Swamp:4)
  34 deep elf zephyrmancers
  31 deep elf pyromancers
  5 phantasmal warriors
  9 mana vipers
  15 harpies
  8 orc sorcerers
  2 harpies (shapeshifter)
  37 ugly things
  15 orc knights
  A wolf spider zombie (Abyss:4)
  9 necromancers
  2 shadow dragon skeletons
  7 shining eyes
  22 orb spiders
  3 frost giant zombies
  A manticore (shapeshifter) (Abyss:5)
  An oklob plant (Lair:5)
  7 will-o-the-wisps
  2 fire giant zombies
  71 slime creatures
  An iron dragon skeleton (Abyss:5)
  34 wolf spiders
  A human zombie (Vaults:4)
  5 salamanders
  5 stone giant zombies
  23 cyclopes
  A frost giant skeleton (Crypt:3)
  9 worldbinders
  8 moths of wrath
  A shock serpent zombie (Crypt:3)
  5 manticores
  A stone giant skeleton (Crypt:3)
  A dire elephant zombie (Hell)
  4 apis skeletons (Crypt:1)
  7 guardian serpents (Desolation)
  A fire giant skeleton (Crypt:3)
  A titan simulacrum (Depths:3)
  7 rust devils
  A water nymph (Abyss:3)
  4 apocalypse crabs
  An elephant (Lair:5)
  36 smoke demons
  6 molten gargoyles
  An ice statue (Hell)
  4 gargoyles (Crypt:3)
  4 orange demons
  12 vault sentinels
  6 black mambas
  An eye of devastation (Slime:5)
  A red draconian zombie (Crypt:2)
  4 hellions
  9 cane toads
  2 dire elephant skeletons (Crypt:3)
  Psyche (D:11)
  8 efreet
  4 unseen horrors
  A sea snake zombie (Hell)
  A catoblepas zombie (Abyss:3)
  47 yaktaurs
  4 swamp worm zombies (Swamp:4)
  11 demonic crawlers
  10 komodo dragons
  A sea snake skeleton (Hell)
  11 tormentors
  An anaconda simulacrum (Hell)
  7 freezing wraiths
  A tengu conjurer (D:13)
  4 rime drakes
  4 hellwings
  A green draconian skeleton (Crypt:1)
  3 ice devils
  A queen bee (shapeshifter) (D:12)
  An elf skeleton (Depths:3)
  A human skeleton (Vaults:3)
  7 red devils
  13 ancient zymes
  6 hydra zombies
  3 meliai (D:14)
  22 hornets
  17 trolls
  A meliai (shapeshifter) (Abyss:2)
  A queen bee (Lair:2)
  35 jumping spiders
  8 tyrant leeches
  15 polar bears
  An iron troll skeleton (Crypt:1)
  A deep troll zombie (D:15)
  2 hydra skeletons (Hell)
  83 saltlings
  58 raiju
  4 spectral swamp dragons (Swamp:4)
  20 blink frogs
  An ice dragon zombie (Crypt:1)
  A death drake skeleton (Crypt:2)
  A dream sheep (shapeshifter) (Depths:4)
  A sphinx simulacrum (Vaults:4)
  3 spriggan zombies
  2 dream sheep
  A stone giant simulacrum (Depths:3)
  A snapping turtle (shapeshifter) (Abyss:3)
  4 alligator zombies
  61 redbacks
  20 flying skulls
  9 shadows
  6 air elementals
  A redback (shapeshifter) (Abyss:2)
  18 spriggans
  33 tarantellas
  14 water elementals
  2 wyverns (Lair:5)
  A fire dragon skeleton (Crypt:3)
  4 vampires
  3 fire elementals
  16 wraiths
  9 ynoxinuls
  A fire bat (shapeshifter) (D:14)
  65 yaks
  2 basilisks
  3 fire bats (Abyss:5)
  3 ettin skeletons
  9 golden eyes
  Grum (D:11)
  3 steam dragons
  13 vampire mosquitoes
  A sea snake simulacrum (Hell)
  2 elf zombies
  13 neqoxecs
  A yaktaur simulacrum (Vaults:3)
  21 chaos spawn
  10 spatial vortices
  12 swamp worms
  A swamp worm (shapeshifter) (Depths:3)
  4 wargs
  An ogre zombie (Vaults:3)
  An acid dragon (D:12)
  A merfolk zombie (Crypt:3)
  A naga (shapeshifter) (Vaults:3)
  3 cane toad zombies
  2 merfolk skeletons
  12 water moccasins
  A floating eye (shapeshifter) (Depths:3)
  A cane toad skeleton (Dis:1)
  42 large abominations
  5 hell hounds
  A floating eye (Depths:4)
  2 snapping turtle zombies (Dis:3)
  12 black bears
  3 swamp drakes
  59 orc warriors
  6 swamp dragon zombies
  An elephant zombie (Crypt:1)
  3 sky beasts
  21 ogres
  39 wolves
  14 boggarts
  9 necrophages
  24 small abominations
  4 centaurs
  3 snapping turtle skeletons
  A palentonga zombie (Crypt:1)
  6 phantoms (Swamp:4)
  4 kobold brigands
  5 bullfrogs
  A scorpion (D:5)
  3 gnoll sergeants
  A palentonga skeleton (Crypt:2)
  3 wyvern zombies (Ossuary)
  3 earth elementals
  2 wyvern skeletons
  A water moccasin skeleton (D:6)
  4 water moccasin zombies
  19 wights
  A human simulacrum (Vaults:4)
  28 killer bees
  A troll zombie (Swamp:1)
  A warg skeleton (Crypt:1)
  A troll skeleton (Swamp:1)
  5 electric eels
  6 howler monkeys
  10 bullfrog zombies (Ossuary)
  A quasit (Abyss:4)
  8 centaur zombies
  31 orc priests
  12 iron imps
  A basilisk skeleton (Crypt:1)
  2 bullfrog skeletons (D:5)
  20 orc wizards
  2 spectral swamp drakes (Swamp:4)
  5 killer bee zombies
  A hound skeleton (D:4)
  18 mummies
  3 howler monkey zombies
  15 gnolls
  2 swamp drake zombies
  4 adders
  A shadow imp (D:6)
  3 white imps
  5 ufetubi
  2 worms (D:4)
  A dart slug (D:1)
  96 orcs
  5 ball pythons
  7 endoplasms
  5 giant cockroaches
  5 hobgoblins
  15 jackals
  31 kobolds
  8 quokkas
  A ball python zombie (Crypt:2)
  7 bats
  A bat simulacrum (Abyss:2)
  2 frilled lizards
  A frilled lizard skeleton (Crypt:1)
  16 goblins
  A hobgoblin zombie (D:5)
  An orc skeleton (Crypt:1)
  An orc zombie (D:5)
  6 rats
  2 briar patches (Abyss:3)
  5 starspawn tentacles
3063 creatures vanquished.

Vanquished Creatures (collateral kills)
  the Royal Jelly (Slime:5)
  A Hell Sentinel (Vaults:4)
  Gastronok (D:11)
  A cacodemon (Vaults:3)
  A quicksilver ooze (Slime:5)
  A war gargoyle (Vaults:4)
  Josephine (Lair:4)
  A rakshasa (Vaults:4)
  4 death yaks (Lair:4)
  A sea snake (shapeshifter) (Vaults:3)
  2 vault sentinels (Vaults:4)
  A water nymph (shapeshifter) (Vaults:3)
  2 yaktaurs (Vaults:4)
  A komodo dragon (Lair:4)
  A queen bee (shapeshifter) (Vaults:3)
  A wyvern (Lair:4)
  A hog (shapeshifter) (Vaults:3)
  An ice beast (shapeshifter) (Vaults:3)
  A bullfrog (shapeshifter) (Vaults:3)
  A jelly (shapeshifter) (Vaults:3)
25 creatures vanquished.

Vanquished Creatures (others)
  Asterion (Spider:2)
  A vault warden (Vaults:1)
  A deep elf annihilator (Elf:3)
  A vault guard (Vaults:1)
  A dancing weapon (Elf:1)
  A thrashing horror (Abyss:3)
  2 wizards (Vaults:3)
  An orb spider (Spider:3)
  An ugly thing (Abyss:5)
  A frost giant skeleton (Hell)
  A smoke demon (Depths:1)
  5 bloated husks
  A saltling (Desolation)
  An alligator zombie (Hell)
  2 golden eyes (Abyss:5)
  A chaos spawn (Abyss:5)
  A swamp drake (Swamp:3)
  A phantom (Swamp:4)
  A small abomination (Abyss:5)
  2 kobolds (D:6)
  2 briar patches (Abyss:3)
  16 foxfires
  24 fungi
  105 plants
  28 starspawn tentacles
  7 withered plants
209 creatures vanquished.

Grand Total: 3297 creatures vanquished

Notes
Turn   | Place    | Note
-------+----------+-------------------------------------------
     0 | D:1      | edsrzf the Tengu Berserker began the quest for the Orb.
     0 | D:1      | Reached XP level 1. HP: 14/14 MP: 2/2
   403 | D:1      | Reached XP level 2. HP: 19/19 MP: 3/3
   484 | D:1      | Reached skill level 4 in Short Blades
   831 | D:1      | Reached XP level 3. HP: 23/23 MP: 4/4
  1112 | D:1      | Found Ysim's Book Shoppe.
  1118 | D:1      | Reached ** piety under Trog
  1494 | D:2      | Reached skill level 5 in Short Blades
  1709 | D:2      | Reached XP level 4. HP: 27/28 MP: 5/5
  1865 | D:2      | Found a faded altar of an unknown god.
  2180 | D:3      | Noticed a necrophage
  2184 | D:3      | Killed a necrophage
  2185 | D:3      | Reached skill level 6 in Short Blades
  2185 | D:3      | Gained mutation: Your magical nature lets you fly swiftly
                  | and evasively. [Tengu growth]
  2185 | D:3      | Reached XP level 5. HP: 32/32 MP: 6/6
  2346 | D:3      | Found Xeycitas's Jewellery Boutique.
  2496 | D:3      | Found Niar's Book Emporium.
  2551 | D:3      | Reached *** piety under Trog
  2669 | D:4      | Reached skill level 7 in Short Blades
  2886 | D:4      | Reached XP level 6. HP: 37/37 MP: 7/7
  3047 | D:4      | Found a basalt altar of Yredelemnul.
  3246 | D:4      | Identified 5 scrolls of identify
  3246 | D:4      | Identified a potion of resistance
  3247 | D:4      | Identified a potion of berserk rage
  3248 | D:4      | Identified a potion of curing
  3249 | D:4      | Identified 3 potions of invisibility
  3250 | D:4      | Identified a potion of flight
  3503 | D:4      | Reached skill level 8 in Short Blades
  3626 | D:5      | Entered Level 5 of the Dungeon
  3652 | D:5      | Noticed a necrophage
  3670 | D:5      | Reached XP level 7. HP: 41/41 MP: 8/8
  3678 | D:5      | Reached skill level 9 in Short Blades
  3729 | D:5      | Found a sand-covered staircase.
  3733 | Ossuary  | Entered an ossuary
  3821 | Ossuary  | Reached skill level 3 in Dodging
  3882 | Ossuary  | Reached skill level 4 in Fighting
  3885 | Ossuary  | Reached **** piety under Trog
  3886 | Ossuary  | Reached XP level 8. HP: 48/48 MP: 9/9
  3980 | Ossuary  | Reached skill level 4 in Dodging
  4063 | Ossuary  | Reached skill level 5 in Fighting
  4123 | Ossuary  | Reached skill level 5 in Dodging
  4394 | Ossuary  | Reached skill level 6 in Dodging
  4403 | Ossuary  | Reached skill level 6 in Fighting
  4604 | Ossuary  | Reached XP level 9. HP: 54/56 MP: 10/10
  4709 | D:5      | Identified 4 potions of brilliance
  5103 | D:5      | Reached skill level 7 in Dodging
  5426 | D:6      | Reached skill level 7 in Fighting
  5478 | D:6      | Identified a potion of ambrosia
  5751 | D:6      | Found a staircase to the Ecumenical Temple.
  6273 | D:6      | Reached skill level 8 in Dodging
  6678 | D:7      | Reached skill level 8 in Fighting
  6772 | D:7      | Noticed a troll
  6790 | D:7      | Found a bloodstained altar of Trog.
  6820 | D:7      | Killed a troll
  6820 | D:7      | Reached ***** piety under Trog
  6821 | D:7      | Reached skill level 9 in Dodging
  6866 | D:7      | Reached XP level 10. HP: 65/65 MP: 11/11
  7372 | D:7      | Reached skill level 9 in Fighting
  7711 | D:8      | Found a blossoming altar of Fedhas.
  7766 | D:8      | Identified 3 potions of heal wounds
  7835 | D:8      | Reached skill level 10 in Dodging
  8214 | D:9      | Identified 5 scrolls of amnesia
  8215 | D:9      | Identified 4 scrolls of magic mapping
  8227 | D:9      | Found a staircase to the Orcish Mines.
  8273 | D:9      | Identified 7 scrolls of teleportation
  8278 | D:9      | Found Dasar's Antique Weapon Boutique.
  8295 | D:9      | Found a flagged portal.
  8317 | Bailey   | Entered a bailey
  8503 | Bailey   | Reached skill level 10 in Fighting
  8543 | Bailey   | Received a gift from Trog
  8815 | D:9      | Found a staircase to the Lair.
  9027 | D:9      | Noticed a centaur warrior
  9039 | D:9      | Noticed a purple ugly thing
  9039 | D:9      | Noticed a centaur warrior
  9042 | D:9      | Found a transporter.
  9046 | D:9      | Found a transporter.
  9114 | D:9      | Found a shimmering blue altar of Sif Muna.
  9114 | D:9      | Found a hazy altar of Hepliaklqana.
  9132 | D:9      | Reached skill level 11 in Dodging
  9209 | D:9      | Reached skill level 2 in Long Blades
  9270 | D:9      | Reached skill level 3 in Long Blades
  9313 | D:9      | Reached XP level 11. HP: 73/73 MP: 12/12
  9385 | D:9      | Reached skill level 4 in Long Blades
  9439 | D:9      | Reached skill level 5 in Long Blades
  9573 | D:9      | Reached skill level 6 in Long Blades
  9892 | D:10     | Entered Level 10 of the Dungeon
 10008 | D:10     | Reached skill level 7 in Long Blades
 10147 | D:10     | Reached skill level 8 in Long Blades
 10218 | D:10     | Identified a potion of degeneration
 10347 | D:10     | Identified 4 potions of attraction
 10466 | D:10     | Identified the +0 ring mail "Wautam" {Int+7}
 10654 | D:11     | Noticed Psyche
 10662 | D:11     | Killed Psyche
 10722 | D:11     | Noticed a two-headed ogre
 10768 | D:11     | Killed a two-headed ogre
 10769 | D:11     | Reached skill level 9 in Long Blades
 10816 | D:11     | Noticed a two-headed ogre
 10837 | D:11     | Killed a two-headed ogre
 10924 | D:11     | Identified the ring of Lust {Contam rPois rC++ MP+9 AC+4}
 10927 | D:11     | Noticed a cyclops
 10952 | D:11     | Killed a cyclops
 10953 | D:11     | Reached skill level 10 in Long Blades
 10964 | D:11     | Noticed Grum
 11002 | D:11     | Killed Grum
 11077 | D:11     | Noticed a cyclops
 11094 | D:11     | Killed a cyclops
 11132 | D:11     | Identified a potion of lignification
 11202 | D:11     | Noticed a manticore
 11216 | D:11     | Killed a manticore
 11258 | D:11     | Noticed Gastronok
 11268 | D:11     | Killed Gastronok
 11269 | D:11     | Reached skill level 11 in Long Blades
 11269 | D:11     | Reached XP level 12. HP: 78/78 MP: 13/13
 11277 | D:11     | Identified 2 scrolls of noise
 11278 | D:11     | Identified 2 scrolls of enchant armour
 11583 | D:11     | Noticed Erolcha
 11595 | D:11     | Killed Erolcha
 11807 | Lair:1   | Entered Level 1 of the Lair of Beasts
 11823 | Lair:1   | Reached skill level 12 in Long Blades
 11981 | Lair:1   | Noticed Nergalle
 12007 | Lair:1   | Killed Nergalle
 12179 | Lair:1   | Identified the +5 falchion of the Iron City of Dis {vorpal,
                  | Contam rN+++ Str-2 Dex+3}
 12394 | Lair:1   | Noticed a five-headed hydra
 12508 | Lair:2   | Noticed a six-headed hydra
 12548 | Lair:2   | Reached skill level 13 in Long Blades
 12588 | Lair:1   | Identified a potion of might
 12589 | Lair:1   | Identified a potion of cancellation
 12590 | Lair:1   | Identified a potion of mutation
 12920 | Lair:1   | Killed a five-headed hydra
 13000 | Lair:2   | Reached skill level 1 in Evocations
 13037 | Lair:2   | Reached skill level 2 in Evocations
 13109 | Lair:2   | Received a gift from Trog
 13117 | Lair:2   | Reached skill level 3 in Evocations
 13196 | Lair:2   | Identified the +2 cloak "Kiulemaeq" {Harm}
 13217 | Lair:2   | Noticed Erica
 13244 | Lair:2   | Killed Erica
 13245 | Lair:2   | Reached skill level 4 in Evocations
 13303 | Lair:2   | Noticed a seven-headed hydra
 13314 | Lair:2   | Killed a five-headed hydra
 13315 | Lair:2   | Reached skill level 5 in Evocations
 13315 | Lair:2   | Noticed an eight-headed hydra
 13350 | Lair:2   | Found a staircase to the Swamp.
 13496 | Lair:2   | Killed a one-headed hydra
 13612 | Lair:2   | Killed a five-headed hydra
 13613 | Lair:2   | Reached skill level 6 in Evocations
 13776 | Lair:2   | Reached XP level 13. HP: 83/83 MP: 14/14
 13783 | Lair:2   | Reached skill level 7 in Evocations
 13852 | Lair:3   | Found a runed translucent door.
 13852 | Lair:3   | Noticed Raine357's ghost (journeyman DrFi)
 13958 | Lair:3   | Noticed Fannar
 13959 | Lair:3   | Identified the +2 cloak "Olai" {Str+5 Int+6}
 13973 | Lair:3   | Killed Fannar
 13974 | Lair:3   | Reached skill level 8 in Evocations
 14326 | Lair:3   | Identified the +5 plate armour of Kleptomania {Dex+3}
 14328 | Lair:3   | Identified a scroll of holy word
 14329 | Lair:3   | Identified 3 scrolls of fog
 14332 | Lair:3   | Identified 2 scrolls of immolation
 14333 | Lair:3   | Identified 2 scrolls of brand weapon
 14445 | Lair:3   | Reached skill level 9 in Evocations
 14829 | Lair:4   | Reached skill level 3 in Armour
 14965 | Lair:4   | Reached skill level 4 in Armour
 15186 | Lair:4   | Noticed Josephine
 15199 | Lair:4   | Reached skill level 5 in Armour
 15207 | Lair:4   | Killed Josephine
 15244 | Lair:4   | Reached skill level 6 in Armour
 15573 | Lair:4   | Reached skill level 7 in Armour
 15894 | Lair:4   | Found a hole to the Spider Nest.
 16080 | Lair:4   | Reached skill level 8 in Armour
 16513 | Lair:5   | Reached skill level 9 in Armour
 16741 | Lair:5   | Reached XP level 14. HP: 66/88 MP: 15/15
 16743 | Lair:5   | Reached skill level 10 in Armour
 16907 | Lair:5   | Received a gift from Trog
 16946 | Lair:5   | Reached skill level 11 in Armour
 17526 | Lair:6   | Entered Level 6 of the Lair of Beasts
 17639 | Lair:6   | Found a viscous altar of Jiyva.
 17639 | Lair:6   | Found a staircase to the Slime Pits.
 17970 | Lair:6   | Reached skill level 11 in Fighting
 18426 | Lair:6   | Reached skill level 12 in Armour
 18434 | Lair:6   | Reached ****** piety under Trog
 18666 | Lair:6   | Received a gift from Trog
 19451 | D:3      | Bought the brooch of Shielding {Spirit SH+8} for 594 gold
                  | pieces
 19451 | D:3      | Found the brooch of Shielding {Spirit SH+8}
 19589 | Orc:1    | Entered Level 1 of the Orcish Mines
 19594 | Orc:1    | Found a shimmering altar of Xom.
 19606 | Orc:1    | Noticed an orc warlord
 19720 | D:9      | Killed an orc warlord
 19873 | Orc:1    | Reached skill level 12 in Fighting
 20106 | Orc:2    | Entered Level 2 of the Orcish Mines
 20120 | Orc:2    | Found a staircase to the Elven Halls.
 20582 | Orc:1    | Noticed Urug
 20788 | Orc:1    | Reached skill level 13 in Armour
 21016 | Orc:1    | Killed Urug
 21030 | Orc:1    | Reached XP level 15. HP: 97/97 MP: 16/16
 21280 | Orc:2    | Received a gift from Trog
 21439 | Orc:2    | Found Lalawism's Distillery.
 21445 | Orc:2    | Found Teir's General Store.
 22358 | Orc:2    | Received a gift from Trog
 22562 | Orc:2    | Reached skill level 13 in Fighting
 22591 | Orc:2    | Reached skill level 14 in Armour
 22664 | Orc:2    | Paralysed by an orc sorcerer for 6 turns
 22739 | Orc:2    | Found Imucep's Jewellery Shop.
 22739 | Orc:2    | Found Hatemoth's Antique Weapon Boutique.
 22740 | Orc:2    | Found a one-way gate leading to the halls of Pandemonium.
 23180 | D:12     | Found a runed translucent door.
 23215 | D:12     | Noticed a tengu reaver
 23230 | D:12     | Killed a tengu reaver
 24814 | D:13     | Received a gift from Trog
 25010 | D:14     | Reached skill level 14 in Fighting
 25058 | D:14     | Reached skill level 15 in Armour
 25077 | D:14     | Found a portal to a secret trove of treasure.
 25134 | D:14     | Reached XP level 16. HP: 106/106 MP: 17/17
 25229 | D:14     | Found a gate to the Vaults.
 25254 | D:14     | Identified a scroll of silence
 25255 | D:14     | Identified a scroll of blinking
 25272 | D:14     | Identified 3 scrolls of fear
 25273 | D:14     | Identified 2 scrolls of enchant weapon
 25274 | D:14     | Identified 2 scrolls of torment
 25711 | D:14     | Identified 2 scrolls of vulnerability
 26268 | D:15     | Entered Level 15 of the Dungeon
 26670 | D:15     | Found a staircase to the Depths.
 26962 | D:15     | Identified Roxanne's Catalogue of Moulding
 26962 | D:15     | Noticed Roxanne
 27367 | D:15     | Killed Roxanne
 27368 | D:15     | Reached skill level 15 in Fighting
 27368 | D:15     | Reached skill level 16 in Armour
 27754 | Swamp:1  | Entered Level 1 of the Swamp
 28074 | Swamp:1  | Received a gift from Trog
 28415 | Swamp:1  | Found a glowing golden altar of the Shining One.
 29163 | Swamp:2  | Noticed Louise
 29180 | Swamp:2  | Killed Louise
 29382 | Swamp:2  | Found a blossoming altar of Fedhas.
 29424 | Swamp:2  | Identified a scroll of acquirement
 29425 | Swamp:2  | Acquired the ring of Greed {Drain Str+5 Dex+6}
 29444 | Swamp:2  | Identified a potion of magic
 29641 | Swamp:3  | Identified the +3 great sword "Jivec" {vorpal, rPois rN++
                  | Str+4} (Trog gifted it to you on level 3 of the Swamp)
 29641 | Swamp:3  | Received a gift from Trog
 29788 | Swamp:3  | Reached skill level 17 in Armour
 29901 | Swamp:3  | Reached XP level 17. HP: 110/115 MP: 18/18
 29907 | Swamp:3  | Reached skill level 16 in Fighting
 30404 | Swamp:4  | Entered Level 4 of the Swamp
 30619 | Swamp:4  | Identified the +8 mace "Dunnu" {vorpal, rElec Str+4}
 31071 | Swamp:4  | Acquired a manual of Dodging
 31519 | Swamp:4  | Reached skill level 12 in Dodging
 31565 | Swamp:4  | Received a gift from Trog
 31910 | Swamp:4  | Noticed a bone dragon
 31925 | Swamp:4  | Killed a bone dragon
 31926 | Swamp:4  | Reached skill level 13 in Dodging
 32177 | Swamp:4  | Got a decaying rune of Zot
 32375 | Spider:1 | Entered Level 1 of the Spider Nest
 32381 | Spider:1 | Found a runed translucent door.
 32407 | Spider:1 | Reached skill level 14 in Dodging
 32509 | Spider:1 | Noticed GeorgeSoros's ghost (journeyman GnNe)
 32786 | Spider:1 | Noticed Donald
 32813 | Spider:1 | HP: 4/116 [Donald (33)]
 33366 | Elf:1    | Entered Level 1 of the Elven Halls
 33378 | Elf:1    | Reached skill level 15 in Dodging
 33423 | Elf:1    | Received a gift from Trog
 33471 | Elf:1    | Reached skill level 16 in Dodging
 33696 | Elf:1    | Found a ruined gateway.
 33716 | Desolati | Entered the Desolation of Salt
 34018 | Desolati | Reached XP level 18. HP: 69/122 MP: 19/19
 34405 | Desolati | Reached skill level 17 in Dodging
 35123 | Desolati | Reached skill level 17 in Fighting
 35162 | Desolati | Received a gift from Trog
 35204 | Desolati | Identified the ring "Ponauner" {rElec rC- rN+++ Str+4 SInv}
 35242 | Desolati | Upgraded the game from 0.27-a0-1529-g1e82c30 to
                  | 0.27-a0-1535-g81e557b
 35549 | Desolati | Identified the +3 morningstar "Taax" {holy, rCorr}
 35549 | Desolati | Identified the ring "Zuzuryk" {rElec rF+ Int+6}
 35911 | Desolati | Reached skill level 18 in Fighting
 36254 | Desolati | Identified the +1 ring mail "Hoaceph" {rF+ rC+}
 36645 | Desolati | Received a gift from Trog
 36960 | Desolati | Identified the ring "Haisoc" {rElec rF+ AC+4}
 37133 | Elf:1    | Identified the +1 flail of Hohi {vorpal, Will+ rCorr Int-3
                  | Stlth+}
 37266 | Elf:1    | Found Doabboor's Weapon Shoppe.
 37267 | Elf:1    | Found Putt's Antique Armour Emporium.
 37269 | Elf:1    | Found Quacajec's Weapon Shop.
 37269 | Elf:1    | Found Ciny's Antique Weapon Shoppe.
 37487 | Elf:1    | Reached skill level 19 in Fighting
 37523 | Elf:1    | Bought a +0 triple crossbow for 160 gold pieces
 37718 | Elf:1    | Paralysed by an air elemental for 1 turns
 37763 | Elf:1    | Paralysed by an air elemental for 1 turns
 37883 | Elf:1    | Reached XP level 19. HP: 126/133 MP: 20/20
 37891 | Elf:1    | Received a gift from Trog
 38410 | Elf:2    | Found a runed translucent gate.
 38410 | Elf:2    | Found a runed translucent gate.
 38416 | Elf:2    | Found a runed translucent gate.
 38843 | Elf:2    | Paralysed by an air elemental for 1 turns
 38851 | Elf:2    | Paralysed by an air elemental for 1 turns
 38968 | Elf:2    | Found a huge runed gate.
 38968 | Elf:2    | Found a huge runed gate.
 38968 | Elf:2    | Found a huge runed gate.
 38968 | Elf:2    | Found a huge runed gate.
 38969 | Elf:2    | Found a huge runed gate.
 38969 | Elf:2    | Found a huge runed gate.
 38969 | Elf:2    | Found a huge runed gate.
 38980 | Elf:2    | Found a huge runed gate.
 38981 | Elf:2    | Found a huge runed gate.
 38983 | Elf:2    | Found a huge runed gate.
 38983 | Elf:2    | Found a huge runed gate.
 38983 | Elf:2    | Found a huge runed gate.
 38983 | Elf:2    | Found a huge runed gate.
 38983 | Elf:2    | Found a huge runed gate.
 38983 | Elf:2    | Found a huge runed gate.
 38984 | Elf:2    | Found a huge runed gate.
 39055 | Elf:2    | Received a gift from Trog
 39057 | Elf:2    | Found a huge runed gate.
 39057 | Elf:2    | Found a huge runed gate.
 39061 | Elf:2    | Found a huge runed gate.
 39062 | Elf:2    | Found a huge runed gate.
 39062 | Elf:2    | Found a huge runed gate.
 39062 | Elf:2    | Found a huge runed gate.
 39136 | Elf:2    | Reached skill level 20 in Fighting
 39149 | Elf:2    | Reached skill level 1 in Crossbows
 39286 | Elf:2    | Found a huge runed gate.
 39286 | Elf:2    | Found a huge runed gate.
 39286 | Elf:2    | Found a huge runed gate.
 39286 | Elf:2    | Found a huge runed gate.
 39286 | Elf:2    | Found a huge runed gate.
 39286 | Elf:2    | Found a huge runed gate.
 39287 | Elf:2    | Found a huge runed gate.
 39290 | Elf:2    | Found a huge runed gate.
 39363 | Elf:2    | Reached skill level 2 in Crossbows
 39399 | Elf:2    | Reached skill level 3 in Crossbows
 39503 | Elf:2    | Reached skill level 4 in Crossbows
 39521 | Elf:2    | Reached skill level 5 in Crossbows
 39539 | Elf:2    | Reached skill level 6 in Crossbows
 39791 | Elf:2    | Reached skill level 7 in Crossbows
 39883 | Elf:2    | Reached skill level 8 in Crossbows
 40127 | Elf:2    | Received a gift from Trog
 40158 | Elf:2    | Reached skill level 9 in Crossbows
 40616 | Elf:3    | Entered Level 3 of the Elven Halls
 40618 | Elf:3    | Paralysed by an air elemental for 1 turns
 40890 | Elf:3    | Reached skill level 10 in Crossbows
 41084 | Elf:3    | Identified the +7 rapier of Spite {antimagic, rPois rN+
                  | Str+3 Int+4}
 41109 | Elf:3    | Reached XP level 20. HP: 93/137 MP: 12/21
 41118 | Elf:3    | Reached skill level 11 in Crossbows
 41145 | Elf:3    | Identified the +5 flail of Slow Death {elec, Fly rPois
                  | rN+++ Str-5}
 41162 | Elf:3    | Noticed a Brimstone Fiend
 41404 | Elf:3    | Received a gift from Trog
 41412 | Elf:3    | Reached skill level 12 in Crossbows
 41417 | Elf:3    | Identified the +10 morningstar "Killer Bee's Regret"
                  | {venom, rElec}
 41881 | Elf:3    | Identified the +2 kite shield of Quythrada {rC+ Dex+2 SInv}
 41899 | Elf:3    | Reached skill level 13 in Crossbows
 42068 | Elf:3    | Identified the +7 dagger "Vyosow" {chaos, rElec Str+4}
 42207 | Elf:3    | Identified the +0 cloak of Gravitas {rElec rPois rC- Int+4}
 42385 | Elf:1    | Bought a slimy arbalest for 256 gold pieces
 42385 | Elf:1    | Identified the +5 arbalest of the Pharaoh's Fist {venom,
                  | Fly rC+ Str-4 Int+3} (You bought it in a shop on level 1 of
                  | the Elven Halls)
 42647 | Spider:1 | Killed Donald
 42784 | Spider:1 | Reached skill level 14 in Crossbows
 43200 | Spider:2 | Noticed Asterion
 43221 | Spider:2 | Killed Asterion
 43232 | Spider:2 | Received a gift from Trog
 43567 | Spider:3 | Reached skill level 15 in Crossbows
 44661 | Spider:4 | Entered Level 4 of the Spider Nest
 44734 | Spider:4 | Reached skill level 16 in Crossbows
 44751 | Spider:4 | Received a gift from Trog
 44760 | Spider:4 | Reached XP level 21. HP: 146/146 MP: 22/22
 44966 | Spider:4 | Noticed Aizul
 44983 | Spider:4 | Killed Aizul
 46062 | Spider:4 | Reached skill level 17 in Crossbows
 46224 | Spider:4 | Got a gossamer rune of Zot
 46566 | Vaults:1 | Entered Level 1 of the Vaults
 46644 | Vaults:1 | Received a gift from Trog
 47295 | Vaults:1 | Reached skill level 18 in Crossbows
 47411 | Vaults:1 | Found Ehul Sat's Antique Weapon Boutique.
 48546 | Vaults:1 | Identified the +9 great sword of Fixation {vorpal, rElec
                  | rN+ Dex+4} (Trog gifted it to you on level 1 of the Vaults)
 48546 | Vaults:1 | Received a gift from Trog
 48853 | Vaults:2 | Reached skill level 19 in Crossbows
 48872 | Vaults:2 | Found a staircase to the Crypt.
 49274 | Vaults:2 | Noticed Jory
 49292 | Vaults:2 | Killed Jory
 49756 | Vaults:2 | Reached XP level 22. HP: 152/152 MP: 23/23
 49866 | Vaults:2 | Reached skill level 20 in Crossbows
 49881 | Vaults:2 | Received a gift from Trog
 50805 | Vaults:3 | Found a runed translucent gate.
 50805 | Vaults:3 | Found a runed translucent gate.
 50806 | Vaults:3 | Found a runed translucent gate.
 50821 | Vaults:3 | Identified the +7 scythe "Isoonuic" {speed, Fragile rN+++
                  | Str+2}
 51172 | Vaults:3 | Reached skill level 21 in Crossbows
 51237 | Vaults:3 | Found Pohum's Magic Scroll Emporium.
 51242 | Vaults:3 | Bought a scroll of enchant weapon for 105 gold pieces
 51242 | Vaults:3 | Bought a scroll of enchant weapon for 105 gold pieces
 51298 | Vaults:3 | Received a gift from Trog
 52577 | Vaults:4 | Reached skill level 22 in Crossbows
 52761 | Vaults:4 | Received a gift from Trog
 52780 | Vaults:4 | Found Gus Rae's Book Boutique.
 52943 | Vaults:4 | Found Luzuzoar's Weapon Shop.
 53116 | Vaults:4 | Reached XP level 23. HP: 156/156 MP: 24/24
 53488 | Vaults:4 | Reached skill level 23 in Crossbows
 53524 | Vaults:4 | Received a gift from Trog
 53896 | Vaults:4 | Found Geyrup's Antique Armour Shop.
 54028 | Vaults:4 | Found Nag Sish's Distillery.
 54061 | Vaults:4 | Found Luputs's General Store.
 54288 | Vaults:4 | Found a runed translucent gate.
 54288 | Vaults:4 | Found a runed translucent gate.
 54288 | Vaults:4 | Found a runed translucent gate.
 54289 | Vaults:4 | Noticed TPoD's ghost (adept HOMo)
 54338 | Vaults:4 | Killed TPoD's ghost
 54375 | Vaults:4 | Identified the +1 pair of gloves of Fortitude {Regen+
                  | Int+3}
 55365 | Depths:1 | Entered Level 1 of the Depths
 55738 | Depths:1 | Received a gift from Trog
 55739 | Depths:1 | Reached skill level 24 in Crossbows
 55767 | Depths:1 | Found a gateway to Hell.
 55886 | Depths:1 | Found an opulent altar of Gozag.
 56024 | Depths:1 | Found a hazy altar of Hepliaklqana.
 56932 | Depths:2 | Found a gateway to a ziggurat.
 57027 | Depths:2 | Found Kengo's Book Emporium.
 57027 | Depths:2 | Found Zihec's Jewellery Boutique.
 57029 | Depths:2 | Found Karrihy's Jewellery Boutique.
 57087 | Depths:2 | Reached skill level 25 in Crossbows
 57132 | Depths:2 | Reached XP level 24. HP: 160/163 MP: 22/24
 57296 | Depths:2 | Received a gift from Trog
 58042 | Depths:2 | Found a hide-covered altar of Uskayaw.
 58591 | Depths:3 | Paralysed by a great orb of eyes for 2 turns
 58670 | Depths:3 | Reached skill level 26 in Crossbows
 58734 | Depths:3 | Received a gift from Trog
 58813 | Depths:3 | Noticed a dread lich
 58853 | Depths:3 | Killed a dread lich
 58886 | Depths:3 | Acquired the +6 arbalest "Damnation" {damnation}
 58887 | Depths:3 | Found the +6 arbalest "Damnation" {damnation}
 59004 | Depths:3 | Identified the +1 robe "Lenofom" {rN+ MP+9}
 59065 | Depths:3 | Noticed a caustic shrike
 59083 | Depths:3 | Killed a caustic shrike
 59936 | Depths:4 | Found a basalt altar of Yredelemnul.
 59955 | Depths:4 | Reached skill level 21 in Fighting
 60033 | Depths:4 | Found a one-way gate to the infinite horrors of the Abyss.
 60868 | Depths:4 | Found a runed translucent door.
 60919 | Depths:4 | Reached XP level 25. HP: 147/172 MP: 24/24
 60933 | Depths:4 | Identified the +9 triple sword of Blood {vorpal, rC- Dex+4}
                  | (Trog gifted it to you on level 4 of the Depths)
 60933 | Depths:4 | Received a gift from Trog
 61026 | Depths:4 | Identified the +9 morningstar "Onwaoxka" {elec, *Slow rElec
                  | Str-2 Int+7}
 61044 | Depths:4 | Found a runed translucent door.
 61213 | Depths:5 | Entered Level 5 of the Depths
 61244 | Depths:5 | Found the +2 hood of the Assassin {Detection Stab+ Stlth++}
 61348 | Depths:5 | Reached skill level 22 in Fighting
 61664 | Depths:5 | Found a gate to the Realm of Zot.
 62497 | Vaults:4 | Bought a transparent crystal plate armour for 3655 gold
                  | pieces
 62497 | Vaults:4 | Identified the +20 crystal plate armour of the Northern
                  | Lights {Dex+4} (You bought it in a shop on level 4 of the
                  | Vaults)
 62888 | Slime:1  | Entered Level 1 of the Pits of Slime
 62974 | Slime:1  | Gained mutation: You are dopey. (Int -2) [a shining eye]
 62986 | Slime:1  | Gained mutation: You occasionally shout uncontrollably at
                  | your foes. [a shining eye]
 63090 | Slime:1  | Found a viscous altar of Jiyva.
 63108 | Slime:2  | Paralysed by a great orb of eyes for 4 turns
 63186 | Slime:2  | Received a gift from Trog
 63365 | Slime:3  | Reached skill level 23 in Fighting
 63571 | Slime:4  | Gained mutation: Your spells are a little easier to cast,
                  | but a little less powerful. [a shining eye]
 63576 | Slime:4  | Gained mutation: You tend to lose your temper in combat. [a
                  | shining eye]
 63577 | Slime:4  | Gained mutation: You are clumsy. (Dex -2) [a shining eye]
 63588 | Slime:4  | Lost mutation: You are clumsy. (Dex -2) [potion of
                  | mutation]
 63588 | Slime:4  | Lost mutation: You are dopey. (Int -2) [potion of mutation]
 63588 | Slime:4  | Gained mutation: You often lose your temper in combat.
                  | [potion of mutation]
 63649 | Slime:5  | Entered Level 5 of the Pits of Slime
 63651 | Slime:5  | Gained mutation: You sometimes lose the ability to read
                  | scrolls when taking damage. [a shining eye]
 63888 | Slime:5  | Noticed the Royal Jelly
 63893 | Slime:5  | Killed the Royal Jelly
 63894 | Slime:5  | Reached skill level 24 in Fighting
 64118 | Slime:5  | Got a slimy rune of Zot
 64119 | Slime:5  | Identified the +7 battleaxe "Cuekewnonk" {vorpal, rPois
                  | rN+}
 64131 | Slime:5  | Identified the +1 robe of Crawling {Regen+ Str+10 Int-2
                  | Dex-4}
 64148 | Slime:5  | Identified the +0 plate armour of Gluttony {rC+ Str+2}
 64149 | Slime:5  | Identified the +4 hand axe "Esemp" {venom, Str+4 Int+4}
 64171 | Slime:5  | Reached XP level 26. HP: 184/184 MP: 24/24
 64218 | Slime:5  | Identified the ring of Gomeu {rElec MP+9 Str+3 Int+2
                  | Stlth+}
 64701 | Vaults:3 | Found a runed translucent gate.
 64701 | Vaults:3 | Found a runed translucent gate.
 64708 | Vaults:3 | Lost mutation: Your spells are a little easier to cast, but
                  | a little less powerful. [potion of mutation]
 64708 | Vaults:3 | Lost mutation: You occasionally shout uncontrollably at
                  | your foes. [potion of mutation]
 64708 | Vaults:3 | Gained mutation: You are partially covered in iridescent
                  | scales. (AC +2) [potion of mutation]
 64708 | Vaults:3 | Gained mutation: You are mostly covered in iridescent
                  | scales. (AC +4) [potion of mutation]
 64708 | Vaults:3 | Noticed Yloucecuu's ghost (veteran SpEn)
 64712 | Vaults:3 | Lost mutation: You sometimes lose the ability to read
                  | scrolls when taking damage. [potion of mutation]
 64712 | Vaults:3 | Lost mutation: You are mostly covered in iridescent scales.
                  | (AC +4) [potion of mutation]
 64712 | Vaults:3 | Gained mutation: You are partially covered in large bone
                  | plates. (SH +4) [potion of mutation]
 64712 | Vaults:3 | Gained mutation: Your body sometimes deteriorates upon
                  | taking damage. [potion of mutation]
 64716 | Vaults:3 | Found a runed translucent gate.
 64733 | Vaults:3 | Received a gift from Trog
 64737 | Vaults:3 | Killed Yloucecuu's ghost
 64739 | Vaults:3 | Gained mutation: Armour fits poorly on your strangely
                  | shaped body. [a cacodemon]
 64753 | Vaults:3 | Identified the +1 pair of gloves "Oraib" {rElec SInv}
 64762 | Vaults:3 | Lost mutation: Armour fits poorly on your strangely shaped
                  | body. [potion of mutation]
 64762 | Vaults:3 | Lost mutation: Your body sometimes deteriorates upon taking
                  | damage. [potion of mutation]
 64762 | Vaults:3 | Lost mutation: You often lose your temper in combat.
                  | [potion of mutation]
 64762 | Vaults:3 | Gained mutation: You sometimes lose the ability to read
                  | scrolls when taking damage. [potion of mutation]
 64762 | Vaults:3 | Gained mutation: You have a pair of small horns on your
                  | head. [potion of mutation]
 64762 | Vaults:3 | Gained mutation: You often lose your temper in combat.
                  | [potion of mutation]
 64777 | Vaults:3 | Gained mutation: Your body sometimes deteriorates upon
                  | taking damage. [mutagenic glow]
 64779 | Vaults:3 | Lost mutation: Your body sometimes deteriorates upon taking
                  | damage. [potion of mutation]
 64779 | Vaults:3 | Lost mutation: You sometimes lose the ability to read
                  | scrolls when taking damage. [potion of mutation]
 64779 | Vaults:3 | Gained mutation: You are clumsy. (Dex -2) [potion of
                  | mutation]
 64779 | Vaults:3 | Gained mutation: You have a pair of horns on your head.
                  | [potion of mutation]
 64784 | Vaults:3 | Lost mutation: You have a pair of horns on your head.
                  | [potion of mutation]
 64784 | Vaults:3 | Lost mutation: You often lose your temper in combat.
                  | [potion of mutation]
 64784 | Vaults:3 | Gained mutation: You are dopey. (Int -2) [potion of
                  | mutation]
 64784 | Vaults:3 | Gained mutation: Your magical capacity is low. (-10% MP)
                  | [potion of mutation]
 64784 | Vaults:3 | Gained mutation: You are mostly covered in iridescent
                  | scales. (AC +4) [potion of mutation]
 64784 | Vaults:3 | Gained mutation: You are covered in fur. (AC +1) [potion of
                  | mutation]
 64788 | Vaults:3 | Lost mutation: You are dopey. (Int -2) [potion of mutation]
 64788 | Vaults:3 | Lost mutation: You are clumsy. (Dex -2) [potion of
                  | mutation]
 64788 | Vaults:3 | Lost mutation: You are mostly covered in iridescent scales.
                  | (AC +4) [potion of mutation]
 64788 | Vaults:3 | Gained mutation: Your magical capacity is very low. (-20%
                  | MP) [potion of mutation]
 64798 | Vaults:3 | Gained mutation: Your spells are a little easier to cast,
                  | but a little less powerful. [mutagenic glow]
 64862 | Vaults:4 | Bought a potion of mutation for 112 gold pieces
 64862 | Vaults:4 | Lost mutation: Your spells are a little easier to cast, but
                  | a little less powerful. [potion of mutation]
 64862 | Vaults:4 | Lost mutation: You have a pair of small horns on your head.
                  | [potion of mutation]
 64862 | Vaults:4 | Gained mutation: You are dopey. (Int -2) [potion of
                  | mutation]
 64862 | Vaults:4 | Gained mutation: You often lose your temper in combat.
                  | [potion of mutation]
 65163 | Depths:4 | Voluntarily entered the Abyss.
 65354 | Abyss:2  | Found a corrupted altar of Lugonu.
 65407 | Abyss:2  | Lost mutation: You often lose your temper in combat. [a
                  | neqoxec]
 65725 | Abyss:2  | Gained mutation: Your spells are a little easier to cast,
                  | but a little less powerful. [a neqoxec]
 66029 | Abyss:2  | Reached skill level 25 in Fighting
 66102 | Abyss:2  | Gained mutation: You are clumsy. (Dex -2) [a neqoxec]
 66151 | Abyss:2  | Received a gift from Trog
 66419 | Abyss:3  | Found a hazy altar of Hepliaklqana.
 66811 | Abyss:3  | Found a corrupted altar of Lugonu.
 66836 | Abyss:3  | Received a gift from Trog
 66853 | Abyss:3  | Paralysed by accursed screaming for 1 turns
 66862 | Abyss:3  | Paralysed by accursed screaming for 1 turns
 67041 | Abyss:5  | Entered Level 5 of the Abyss
 67042 | Abyss:5  | Found a corrupted altar of Lugonu.
 67171 | Abyss:5  | Reached skill level 26 in Fighting
 67510 | Depths:4 | Escaped the Abyss
 67705 | Depths:4 | Upgraded the game from 0.27-a0-1535-g81e557b to
                  | 0.27-a0-1548-gf8a67e7
 67709 | Depths:4 | Voluntarily entered the Abyss.
 67721 | Abyss:1  | Noticed a dread lich
 67735 | Abyss:1  | Killed a dread lich
 67765 | Abyss:2  | Found a corrupted altar of Lugonu.
 67778 | Abyss:2  | Reached XP level 27. HP: 102/196 MP: 7/19
 67922 | Abyss:2  | Received a gift from Trog
 68313 | Abyss:3  | Lost mutation: Your spells are a little easier to cast, but
                  | a little less powerful. [a neqoxec]
 68453 | Abyss:4  | Found a corrupted altar of Lugonu.
 68603 | Abyss:4  | Reached skill level 27 in Fighting
 68755 | Abyss:4  | Received a gift from Trog
 68779 | Abyss:4  | Reached skill level 18 in Armour
 68888 | Abyss:5  | Entered Level 5 of the Abyss
 68954 | Abyss:5  | Gained mutation: Your body sometimes deteriorates upon
                  | taking damage. [a neqoxec]
 69085 | Abyss:5  | Paralysed by an orc sorcerer for 4 turns
 69314 | Abyss:5  | Reached skill level 19 in Armour
 69389 | Abyss:5  | Gained mutation: You often lose your temper in combat. [a
                  | cacodemon]
 69395 | Abyss:5  | Received a gift from Trog
 69398 | Abyss:5  | Gained mutation: You are frail. (-10% HP) [a cacodemon]
 69402 | Abyss:5  | Gained mutation: You are very dopey. (Int -4) [a cacodemon]
 69587 | Abyss:5  | Got an abyssal rune of Zot
 69609 | Abyss:5  | Reached skill level 20 in Armour
 69639 | Depths:4 | Escaped the Abyss
 70142 | Temple   | Entered the Ecumenical Temple
 70287 | D:5      | Found an ancient bone altar of Kikubaaqudgha.
 70287 | D:5      | Found a glowing silver altar of Zin.
 70290 | D:5      | Found a broken altar of Ashenzari.
 70297 | D:5      | Fell from the grace of Trog
 70297 | D:5      | Became a worshipper of Zin the Law-Giver
 70297 | D:5      | Reached * piety under Zin
 70297 | D:5      | Reached ** piety under Zin
 70564 | Crypt:1  | Entered Level 1 of the Crypt
 70802 | Crypt:1  | Reached *** piety under Zin
 70898 | Crypt:1  | Reached skill level 14 in Long Blades
 71232 | Crypt:1  | Reached **** piety under Zin
 71491 | Crypt:1  | Reached skill level 15 in Long Blades
 71544 | Crypt:1  | Found a basalt altar of Yredelemnul.
 71771 | Crypt:2  | Reached ***** piety under Zin
 71841 | Crypt:2  | Reached skill level 1 in Invocations
 71917 | Crypt:2  | Reached skill level 2 in Invocations
 72336 | Crypt:2  | Reached skill level 3 in Invocations
 72477 | Crypt:2  | Reached skill level 16 in Long Blades
 72645 | Crypt:2  | Reached skill level 4 in Invocations
 72647 | Crypt:2  | Noticed Khufu
 72658 | Crypt:2  | Killed Khufu
 72963 | Crypt:3  | Entered Level 3 of the Crypt
 73059 | Crypt:3  | Reached skill level 5 in Invocations
 73273 | Crypt:3  | Reached ****** piety under Zin
 73703 | Crypt:3  | Found the +2 cloak of the Thief {*Fog Slay-2 SInv Stlth+}
 73817 | Crypt:3  | Reached skill level 17 in Long Blades
 74759 | Crypt:3  | Found a staircase to the Tomb.
 74792 | Crypt:3  | Reached skill level 18 in Long Blades
 74838 | Crypt:3  | Paralysed by Trog for 5 turns
 74843 | Crypt:3  | Noticed a dread lich
 74856 | Crypt:3  | Killed a dread lich
 75389 | Hell     | Entered the Vestibule of Hell
 75389 | Hell     | Noticed Geryon
 75511 | Hell     | Reached skill level 19 in Long Blades
 75709 | Hell     | Reached skill level 20 in Long Blades
 76112 | Hell     | Killed Geryon
 76166 | Hell     | Found a gateway to the Iron City of Dis.
 76185 | Hell     | Found a gateway to the ashen valley of Gehenna.
 76268 | Hell     | Found a gateway to the freezing wastes of Cocytus.
 76322 | Hell     | Found a gateway to the decaying netherworld of Tartarus.
 76517 | Dis:1    | Entered Level 1 of the Iron City of Dis
 76680 | Dis:1    | Reached skill level 21 in Long Blades
 77569 | Dis:4    | Reached skill level 22 in Long Blades
 77686 | D:14     | You paid a toll of 6 scrolls of blinking to enter a
                  | treasure trove
 77687 | Trove    | Entered a treasure trove
 77696 | Trove    | Identified the +2 crystal plate armour "Iheam" {Str+3}
 77711 | Trove    | Identified the ring "Mofent" {rF- Will+ Int+4 Slay+6}
 77713 | Trove    | Identified the ring "Dosseroc" {Contam +Blink rPois rF+
                  | Will+}
 77716 | Trove    | Identified the ring "Jevusmar" {Will+ Str-5 Int+9}
 77788 | Depths:1 | Paralysed by Trog for 4 turns
 77910 | Zot:1    | Entered Level 1 of the Realm of Zot
 77954 | Zot:1    | Noticed an orb of fire
 78040 | Depths:5 | HP: 6/265 [orb of fire/bolt of fire (29)]
 78042 | Depths:5 | Killed an orb of fire
 78405 | Zot:1    | Noticed an orb of fire
 78418 | Zot:1    | Killed an orb of fire
 78565 | Zot:1    | Reached skill level 23 in Long Blades
 78982 | Zot:1    | Found a runed translucent gate.
 78983 | Zot:1    | Found a runed translucent gate.
 78983 | Zot:1    | Found an ancient bone altar of Kikubaaqudgha.
 78984 | Zot:1    | Found a runed translucent gate.
 78985 | Zot:1    | Noticed an ancient lich
 78985 | Zot:1    | Noticed an ancient lich
 78986 | Zot:1    | Noticed Icycared's ghost (master GrFi)
 78986 | Zot:1    | Noticed an ancient lich
 78986 | Zot:1    | Noticed an ancient lich
 79006 | Zot:1    | HP: 1/255 [stone giant[the rage of Trog] (21)]
 79026 | Zot:1    | HP: 6/170 [stone giant[the rage of Trog] (37)]
 79026 | Zot:1    | Killed from afar by a golden dragon

Illustrated notes

Levels and vault maps discovered:
D:1:      dpeg_arrival_boxes_within_box, layout_rooms, serial_shops,
          nicolae_lakefront_shop, item_on_display_a
D:2:      layout_loops_corners, shapermc_ecumenical_altar_mp_vishouse
D:3:      layout_loops_ring, serial_shops, nicolae_shop_crystal, shop,
          lemuel_old_faithful
D:4:      layout_rooms, mainiacjoe_overflow_six_doors_small,
          chequers_serial_rivers_large_a
D:5:      layout_loops_ring, nicolae_overflow_hidden_temple,
          nicolae_ossuary_entry_giza, amcnicky_mini_corridor_feature
D:6:      layout_loops_cross, minmay_temple_entry_gardened_gates
D:7:      layout_basic, mainiacjoe_overflow_catwalk
D:8:      layout_gridville, fedhas_altar_fruit_tree
D:9:      layout_basic, gammafunk_temple_overflow_arena, dpeg_oklobed_lair,
          kennysheep_orc_monster_closet_entryway, serial_curves, eino_curves_02,
          eino_curves_03, eino_curves_04, eino_curves_02, enter_bailey_5,
          serial_shops, nicolae_shop_window_shopping
D:10:     layout_irregular_city
D:11:     layout_irregular_city, uniq_grum, uniq_erolcha, uniq_psyche,
          uniq_gastronok
D:12:     minmay_the_grid_four_pointed_star_mashed
          [minmay_the_grid_triangle_9x9_zippers_vertical,
          minmay_the_grid_triangle_9x9_odd_lines,
          minmay_the_grid_triangle_9x9_shrine,
          minmay_the_grid_triangle_9x9_subtriangle,
          minmay_the_grid_prize_diamond_cup], layout_layer_cave,
          kennysheep_island_fort
D:13:     layout_cave_pools, drop_trap, nicolae_straight_to_the_point
D:14:     layout_basic, erik_vaults_2, nrook_mini_vaults, enter_trove_0
D:15:     gammafunk_depths_entry_grave, layout_long_grid,
          chequers_serial_rivers_micro_d, uniq_roxanne
Temple:   zaba_magenta_temple
Lair:1:   layout_cellular_growth, hangedman_lair_generics_rect, uniq_nergalle
Lair:2:   layout_gridlike, swamp_mist, special_room [special_room_bee],
          infiniplex_staircase_pool_2, grunt_megastairs_2, lemuel_fruit_tree,
          serial_bayou_shore_b, lemuel_fruit_fields, lemuel_fruit_fields,
          uniq_erica
Lair:3:   layout_cave_pods, hellmonk_ghost_happy_afterlife,
          grunt_forest_large_clearing_hut, serial_bayou_shore_a, uniq_fannar
Lair:4:   layout_regular_city, nicolae_spider_entry_orb_guardian, uniq_josephine
Lair:5:   layout_cave_pods, beast_lair_carwin_7, lemuel_fruit_fields
Lair:6:   minmay_lair_end_enchanted_forest, layout_concentric_octagons,
          dpeg_slime_entry_enclosed_altar, chequers_serial_rivers_micro_b,
          serial_bayou_pond_d, fungi_pond_lemuel
Swamp:1:  layout_falls_marsh, basic_altar, swamp_pool1,
          cheibrodos_swamp_minitomb, infiniplex_staircase_pool
Swamp:2:  layout_falls_marsh, basic_altar, uniq_louise
Swamp:3:  layout_falls_marsh, evilmike_swamp_ruin_house_1, swamp_pool2
Swamp:4:  swamp_pestilence, layout_basic_swamp, swamp_pool5
Spider:1: layout_spider_delve, ebering_ghost_reflecting_pool, uniq_donald
Spider:2: layout_spider_delve, uniq_asterion
Spider:3: layout_spider_delve
Spider:4: spider_rune_water, uniq_aizul
Slime:1:  layout_caves, basic_altar
Slime:2:  layout_caves
Slime:3:  layout_caves
Slime:4:  layout_caves
Slime:5
Orc:1:    layout_caves, basic_altar, uniq_urug
Orc:2:    pf_orc_diabolical, layout_caves, basic_altar
Elf:1:    eino_elf_arrival_shootout, layout_geoelf_grid,
          portal_desolation_entry_salt, evilmike_minifort,
          nicolae_wooded_promenade, feat_on_display
Elf:2:    layout_geoelf_diagonals, serial_glass, glass_columns_a,
          glass_columns_b, glass_columns_c, glass_columns_a, glass_columns_b,
          glass_columns_a, minmay_strange_pillars, feat_on_display,
          feat_on_display, door_vault
Elf:3:    grunt_elf_hall_diamonds, layout_geoelf_grid, st_stairs_6
Vaults:1: v_misc_10, ontoclasm_vaults_hangar, special_room_vaults
          [special_room_orc], vaults_room_grunt_arrival_checkpoint,
          vaults_room_large_hall, v_misc_9, vaults_room_corners,
          nicolae_vaults_alarming, layout_vaults_quadrants, serial_shops,
          nicolae_shop_waterfront
Vaults:2: nicolae_vaults_rhombus_6, v_misc_3, minmay_crypt_entry_simple_sparse,
          nicolae_vaults_quadrants, vaults_dpeg_diagonal,
          nicolae_vaults_shelves_hall, v_misc_15, vaults_mumra_chevron,
          vaults_dpeg_hooks, nicolae_vaults_little_squares_6, vaults_dpeg_cross,
          vaults_mumra_lcd, nicolae_vaults_little_squares_5,
          ontoclasm_vaults_idyll, nicolae_vaults_border_crossing,
          layout_vaults_omnicross, uniq_jory
Vaults:3: ploomutoo_gammafunk_vaults_ghost_potion_laboratory,
          nicolae_vaults_network_barrier, serial_ice_g,
          nicolae_vaults_specimen_jars, ontoclasm_vaults_hangar,
          nicolae_vaults_big_angled_halls, hangedman_vaults_pinch,
          hangedman_vaults_trim, ontoclasm_vaults_decontamination,
          grunt_vaults_trifunnel, nicolae_vaults_statue_guard,
          vaults_room_grunt_arrival_ludios, layout_vaults_ring, serial_shops,
          shop
Vaults:4: gammafunk_vaults_ghost_tricky_traps, vaults_room_hallway, v_pattern_2,
          v_misc_2, v_misc_14, dpeg_vaults_monster_row, hangedman_vaults_slice,
          nicolae_vaults_yaktaur_gun_rack, ontoclasm_vaults_idyll,
          vaults_room_stairs_pillars, layout_vaults_chaotic_city, serial_shops,
          shop, shop, shop, nicolae_shop_behind_doors, nicolae_lakefront_shop
Crypt:1:  layout_basic, hangedman_blasphemy, grunt_crypt_arrival_webbed,
          roderic_lattice_octagonal_star
Crypt:2:  layout_basic, eino_tiny_chamber, eino_tiny_chamber, uniq_khufu
Crypt:3:  quadcrypt_mu
Depths:1: layout_honeycomb, hellmouth_3,
          nicolae_gozag_cash_rules_everything_around_me,
          worldfamousw_hep_ancestral_shrine
Depths:2: nzn_winding_woodlands_stair_trap [nzn_winding_woodlands_5x15_crooked,
          nzn_winding_woodlands_5x15_sidewinder,
          nzn_winding_woodlands_5x15_default,
          nzn_winding_woodlands_15x15_five_gardens,
          nzn_winding_woodlands_5x15_river_crossing,
          nzn_winding_woodlands_5x15_pathside_ponds,
          nzn_winding_woodlands_5x15_zeroes], layout_cave_shapes,
          enter_ziggurat_b, pan_entry, hangedman_coc_ice_floe,
          nicolae_uskayaw_en_pointe, infiniplex_staircase_diamond,
          minmay_shop_grove
Depths:3: minmay_fractal_lines_corner, layout_gridlike, grunt_mini_vestibule,
          serial_bayou_ford_a, grunt_pan_entry_spiral
Depths:4: cheibrodos_witchhunters_guild, layout_gridlike,
          minmay_misc_feat_plants, hangedman_geh_valley, abyss_entry,
          yredelemnul_altar_generic
Depths:5: grunt_zot_entry_bicorn, layout_cave_pools, hell_entry,
          minmay_room_of_horrors, pan_entry, nrook_pool_corridor
Hell
Dis:1:    layout_chaotic_city, grunt_megastairs_3
Dis:2:    layout_jigsaw
Dis:3:    layout_regular_city, grunt_megastairs_1
Dis:4:    layout_regular_city, evilmike_ambush [evilmike_ambush_outer_doors,
          evilmike_ambush_inner_pond], grunt_megastairs_4
Zot:1:    layout_onion, gammafunk_ghost_crypt

Skill      XL: |  1  2  3  4  5  6  7  8  9 10 11 12 13 14 15 16 17 18 19 20 21 22 23 24 25 26 27 |
---------------+----------------------------------------------------------------------------------+-----
Short Blades   | 4 5 6 7 8 9 |  9.1
Dodging        | 3 6 9 11 16 17 | 17.0
Fighting       | 4 6 8 10 12 14 15 16 19 20 21 24 26 27 | 27.0
Long Blades    | 3 11 13 23 | 23.2
Evocations     | 6 9 |  9.1
Armour         | 9 13 15 17 20 | 20.1
Crossbows      | 10 16 19 22 25 26 | 26.0
Invocations    | 5 |  5.0

Action                   |  1- 3 |  4- 6 |  7- 9 | 10-12 | 13-15 | 16-18 | 19-21 | 22-24 | 25-27 || total
-------------------------+-------+-------+-------+-------+-------+-------+-------+-------+-------++-------
Melee: Short sword       |    89 |    65 |       |    15 |       |       |       |       |       ||   169
       Peck              |    15 |    26 |    80 |   177 |   340 |   460 |   510 |   493 |  1198 ||  3299
       Kick              |    17 |    36 |   142 |   317 |   522 |   733 |   795 |   790 |  1866 ||  5218
       Dagger            |       |    74 |   332 |   568 |    19 |     4 |       |       |       ||   997
       Scimitar          |       |       |       |   165 |  1156 |  1139 |       |       |       ||  2460
       Demon blade       |       |       |       |       |       |   119 |  1553 |  1214 |  1961 ||  4847
       Triple sword      |       |       |       |       |       |       |       |       |  1247 ||  1247
 Fire: Triple crossbow   |       |       |       |       |       |       |    74 |   398 |   148 ||   620
       Arbalest          |       |       |       |       |       |       |       |    11 |    41 ||    52
Throw: Throwing net      |       |       |       |       |       |     1 |       |       |       ||     1
Invok: Berserk           |     3 |     4 |     8 |     1 |     3 |     8 |     4 |    12 |     7 ||    50
       Brothers in Arms  |       |       |       |     1 |     1 |     2 |     1 |     2 |     6 ||    13
       Trog's Hand       |       |       |       |     2 |     1 |     3 |     3 |     3 |     2 ||    14
       Recite            |       |       |       |       |       |       |       |       |     6 ||     6
       Vitalisation      |       |       |       |       |       |       |       |       |     1 ||     1
       Sanctuary         |       |       |       |       |       |       |       |       |     1 ||     1
Evoke: Wand              |       |       |       |     5 |     1 |       |       |       |    10 ||    16
  Use: Scroll            |       |     5 |     2 |    14 |     5 |    16 |     1 |     8 |    17 ||    68
       Potion            |       |       |     1 |     1 |     4 |     8 |       |     3 |    28 ||    45
 Stab: Sleeping          |     2 |       |     2 |       |       |       |       |       |       ||     4
       Confused          |       |       |       |       |       |     2 |       |       |     1 ||     3
       Distracted        |       |       |       |       |       |       |     1 |     2 |       ||     3
       Invisible         |       |       |       |       |       |       |       |       |     8 ||     8
Armor: Animal skin       |     3 |       |       |       |       |       |       |       |       ||     3
       Ring mail         |     4 |    34 |    25 |       |       |       |       |       |       ||    63
       Steam dragon scal |       |       |     2 |       |       |       |       |       |       ||     2
       Troll leather arm |       |       |       |    68 |     4 |       |       |       |       ||    72
       Plate armour      |       |       |       |       |   320 |   473 |   403 |   330 |    68 ||  1594
       Crystal plate arm |       |       |       |       |       |       |       |       |  1813 ||  1813
Dodge: Dodged            |    42 |    54 |   150 |   547 |   655 |   941 |   920 |   815 |  1850 ||  5974
Block: Other             |       |       |       |       |   173 |   355 |   398 |   360 |  1629 ||  2915
       Rpst.: Scimitar   |       |       |       |    37 |   162 |   220 |       |       |       ||   419
       Demon blade       |       |       |       |       |       |    20 |   162 |   150 |   195 ||   527
       Triple sword      |       |       |       |       |       |       |       |       |   182 ||   182

Table legend: (Time is in decaauts)
 A = Elapsed time spent in this place.
 B = Non-inter-level travel time spent in this place.
 C = Inter-level travel time spent in this place.
 D = Time resting spent in this place.
 E = Time spent auto-exploring this place.
 F = Levels seen in this place.
 G = Mean time per level.
                   A        B        C        D        E       F      G
               +--------+--------+--------+--------+--------+-----+--------+
         Total |  73046 |  67489 |   5557 |  20365 |  28088 |  72 | 1014.5 |
       Dungeon |  16039 |  13917 |   2122 |   3356 |   7720 |  15 | 1069.3 |
        Temple |     66 |     49 |     17 |      0 |     48 |   1 |   66.0 |
          Lair |   8350 |   7415 |    935 |   2277 |   3800 |   6 | 1391.7 |
         Swamp |   4015 |   3874 |    141 |   1774 |   1390 |   4 | 1003.8 |
   Spider Nest |   3702 |   3562 |    140 |   1221 |   1378 |   4 |  925.5 |
    Slime Pits |   1220 |   1140 |     80 |    375 |    159 |   5 |  244.0 |
  Orcish Mines |   2992 |   2806 |    186 |   1290 |    816 |   2 | 1496.0 |
   Elven Halls |   5230 |   4918 |    312 |   1840 |   1537 |   3 | 1743.3 |
        Vaults |   8184 |   7520 |    664 |   1525 |   3948 |   4 | 2046.0 |
         Crypt |   4803 |   4649 |    154 |   1442 |   1951 |   3 | 1601.0 |
        Depths |   8122 |   7398 |    724 |   1895 |   3893 |   5 | 1624.4 |
          Hell |    489 |    453 |     36 |     72 |    252 |   1 |  489.0 |
           Dis |    999 |    960 |     39 |    175 |    215 |   4 |  249.8 |
           Zot |    746 |    746 |      0 |    157 |    389 |   1 |  746.0 |
         Abyss |   3588 |   3588 |      0 |    545 |      0 |  10 |  358.8 |
         Trove |     42 |     42 |      0 |      0 |      4 |   1 |   42.0 |
       Ossuary |    855 |    855 |      0 |    381 |    249 |   1 |  855.0 |
        Bailey |    333 |    333 |      0 |     10 |     78 |   1 |  333.0 |
    Desolation |   3261 |   3261 |      0 |   2027 |    251 |   1 | 3261.0 |
               +--------+--------+--------+--------+--------+-----+--------+

Top non-repeatable levels by time:
Desolation: 3261 daAuts
   Elf:2: 2556 daAuts
Vaults:4: 2338 daAuts
   Orc:2: 2274 daAuts
 Crypt:3: 2212 daAuts
Vaults:3: 2176 daAuts
Depths:1: 2056 daAuts
Vaults:1: 1970 daAuts
    D:14: 1954 daAuts
  Lair:4: 1915 daAuts
Depths:4: 1792 daAuts
     D:9: 1777 daAuts
 Swamp:4: 1767 daAuts
Depths:2: 1708 daAuts
Vaults:2: 1698 daAuts
